 Dungeon Crawl Stone Soup version 0.28-a0-620-g539b0f7ac7 (webtiles) character file.

Game seed: 7273668110087267472

285991 Irenicus the Necromancer (level 19, -1/154 HPs)
             Began as a Deep Dwarf Earth Elementalist on Oct 5, 2021.
             Was the Champion of Makhleb.
             Killed from afar by Nikola (31 damage)
             ... with an arc of chain lightning
             ... on level 3 of the Snake Pit on Oct 6, 2021.
             The game lasted 05:01:10 (19440 turns).

Irenicus the Necromancer (DDEE)                    Turns: 19440, Time: 05:01:11

Health: -1/154     AC: 32    Str: 16    XL:     19   Next: 82%
Magic:  10/35      EV: 13    Int: 31    God:    Makhleb [******]
Gold:   1072       SH: 13    Dex: 13    Spells: 14/44 levels left

rFire   . . .      SeeInvis .   Y - staff of death {!a}
rCold   + + .      Faith    .   c - +0 kite shield
rNeg    + + +      Spirit   .   m - +9 ice dragon scales of Qeasoree {rElec rPois rF- rC++}
rPois   +          Reflect  .   j - +0 helmet
rElec   +          Harm     .   A - scarf {repulsion}
rCorr   .          Rampage  .   d - +2 pair of gloves {Str+3}
Will    ++++.                   w - +0 pair of boots "Jeniepn" {rElec Will++ Int+2}
Stlth   +.........              u - amulet of magic regeneration
HPRegen 0.00/turn               F - ring of protection from fire
MPRegen 0.49/turn               e - ring "Saczah" {rN+ Int+6 Stlth+}

@: very slightly contaminated, repel missiles
A: damage resistance, heal wounds, negative energy resistance 1, sense
surroundings 3, no regeneration
}: 2/15 runes: decaying, serpentine
a: Heal Wounds, Renounce Religion, Minor Destruction, Lesser Servant of Makhleb,
Major Destruction, Greater Servant of Makhleb


You were on level 3 of the Snake Pit.
You worshipped Makhleb.
Makhleb was exalted by your worship.
You visited 7 branches of the dungeon, and saw 35 of its levels.
You also visited: Gauntlet, Ice Cave and Volcano.

You collected 3998 gold pieces.
You spent 2926 gold pieces at shops.


Innate Abilities, Weirdness & Mutations

You are resistant to damage.
You can heal yourself by infusing magical energy.
You resist negative energy. (rN+)
You passively map a large area around you.
You do not regenerate.


   Skills:
 - Level 6.0 Fighting
 - Level 17.0 Armour
 - Level 8.8 Dodging
 - Level 2.4 Stealth
 - Level 15.2 Shields
 - Level 13.0 Spellcasting
 - Level 1.2 Conjurations
 + Level 19.5 Necromancy
 - Level 4.4 Translocations
 - Level 13.0 Transmutations
 - Level 18.6 Earth Magic
 - Level 11.0 Evocations


You had 14 spell levels left.
You knew the following spells:

 Your Spells              Type           Power      Damage    Failure   Level
c - Death Channel         Necr           59%        N/A       1%          6
d - Borgnjor's Vile Clut  Necr/Erth      59%        N/A       1%          5
g - Apportation           Tloc           94%        N/A       1%          1
t - Stone Arrow           Conj/Erth      100%       3d13      1%          3
w - Passwall              Tmut/Erth      72%        N/A       0%          2
z - Sandblast             Erth           100%       2d20      0%          1
X - Animate Armour        Summ/Erth      100%       N/A       1%          4
Y - Infestation           Necr           59%        N/A       14%         8

Your spell library contained the following spells:

 Spells                   Type           Power      Damage    Failure   Level
 Animate Skeleton         Necr           100%       N/A       0%          1
 Vampiric Draining        Necr           59%        2d14      0%          3
 Animate Dead             Necr           59%        N/A       1%          4
 Dispel Undead            Necr           100%       3d31      1%          4
 Petrify                  Tmut/Erth      87%        N/A       1%          4
 Blade Hands              Tmut           39%        N/A       1%          5
 Ignite Poison            Fire/Tmut/Pois 47%        N/A       3%          3
 Magic Dart               Conj           100%       1d8       4%          1
 Shock                    Conj/Air       92%        1d8       5%          1
 Summon Small Mammal      Summ           80%        N/A       7%          1
 Static Discharge         Conj/Air       23%        N/A       8%          2
 Slow                     Hex            20%        N/A       10%         2
 Alistair's Intoxication  Tmut/Pois      38%        N/A       13%         5
 Yara's Violent Unravell  Hex/Tmut       28%        3d12      13%         5
 Borgnjor's Revivificati  Necr           59%        N/A       14%         8
 Conjure Flame            Conj/Fire      23%        6-21      16%         3
 Dazzling Flash           Conj/Hex       46%        N/A       16%         3
 Mephitic Cloud           Conj/Pois/Air  22%        N/A       17%         3
 Iron Shot                Conj/Erth      34%        9d7       17%         6
 Simulacrum               Ice/Necr       44%        N/A       19%         6
 Confusing Touch          Hex            20%        N/A       21%         3
 Swiftness                Air            20%        N/A       21%         3
 Hailstorm                Conj/Ice       23%        3d7       45%         4
 Sticky Flame             Conj/Fire      23%        2d4       45%         4
 Necromutation            Tmut/Necr      55%        N/A       50%         8
 Summon Ice Beast         Ice/Summ       20%        N/A       54%         4
 Eringya's Noxious Bog    Tmut/Pois      28%        N/A       56%         6
 Summon Forest            Summ/Tloc      16%        N/A       58%         5
 Haunt                    Necr/Summ      44%        N/A       71%         7
 Fireball                 Conj/Fire      11%        3d7       82%         5
 Lightning Bolt           Conj/Air       11%        1d24      82%         5
 Freezing Cloud           Conj/Ice/Air   11%        6-21      85%         5
 Summon Mana Viper        Hex/Summ       20%        N/A       88%         5
 Death's Door             Necr           59%        N/A       92%         9
 Invisibility             Hex            10%        N/A       100%        6
 Starburst                Conj/Fire      11%        6d5       100%        6
 Summon Cactus Giant      Summ           10%        N/A       100%        6
 Monstrous Menagerie      Summ           10%        N/A       100%        7
 Ignition                 Fire           10%        3d5       100%        8
 Lehudib's Crystal Spear  Conj/Erth      34%        10d9      100%        8
 Maxwell's Capacitive Co  Air            10%        ∞         100%        8
 Fire Storm               Conj/Fire      11%        8d3       100%        9
 Polar Vortex             Ice            10%        N/A       100%        9

Inventory:

Hand Weapons
 o - the +4 spear "Feufrais" {vorpal, rElec rC++ Str+7}
   (You found it in an ice cave)

   It inflicts extra damage upon your enemies.
   Str:       It affects your strength (+7).
   rC:        It greatly protects you from cold.
   rElec:     It insulates you from electricity.
Missiles
 n - 4 throwing nets {=f}
 W - 362 stones
Armour
 c - a +0 kite shield (worn)
 d - a +2 pair of gloves of strength (worn)
 j - a +0 helmet (worn)
 m - the +9 ice dragon scales of Qeasoree (worn) {rElec rPois rF- rC++}
   (You found it on level 8 of the Dungeon)

   rF:        It makes you vulnerable to fire.
   rC:        It greatly protects you from cold.
   rElec:     It insulates you from electricity.
   rPois:     It protects you from poison.
 r - a +2 cloak of fire resistance
 w - the +0 pair of boots "Jeniepn" (worn) {rElec Will++ Int+2}
   (You found it in a volcano)

   Int:       It affects your intelligence (+2).
   rElec:     It insulates you from electricity.
   Will:      It greatly increases your willpower.
 A - a scarf of repulsion (worn)
Magical Staves
 J - a staff of earth {!a}
 Y - a staff of death (weapon) {!a}
Jewellery
 e - the ring "Saczah" (right hand) {rN+ Int+6 Stlth+}
   (You found it on level 3 of the Elven Halls)

   [ring of intelligence]

   Int:       It affects your intelligence (+6).
   rN:        It protects you from negative energy.
   Stlth:     It makes you more stealthy.
 u - an amulet of magic regeneration (around neck)
 v - a ring of see invisible
 E - a +4 ring of evasion
 F - a ring of protection from fire (left hand)
 L - a ring of flight
 M - a ring of magical power
 P - a ring of poison resistance
 R - a ring of resist corrosion
 Z - a ring of wizardry
Wands
 k - a wand of paralysis (6)
 l - a wand of polymorph (9)
 q - a wand of acid (10)
 z - a wand of iceblast (7)
 O - a wand of flame (65)
Scrolls
 f - 2 scrolls of fear
 h - 2 scrolls of teleportation {@r2}
 p - 2 scrolls of noise
 s - 5 scrolls of fog
 C - a scroll of blinking
 G - 5 scrolls of magic mapping
 K - 5 scrolls of vulnerability
 T - 19 scrolls of identify {@r1}
 V - 2 scrolls of enchant armour
Potions
 a - 6 potions of might
 b - 4 potions of heal wounds {@q2}
 g - 4 potions of resistance
 i - 4 potions of brilliance
 t - 5 potions of haste {@q3}
 x - 3 potions of mutation
 y - 2 potions of flight
 D - 4 potions of magic
 H - 9 potions of curing {@q1}
 N - 6 potions of ambrosia
 Q - 5 potions of cancellation
 U - 2 potions of lignification
Miscellaneous
 B - a tin of tremorstones (2/2)
 I - a condenser vane
 X - a box of beasts

Dungeon Overview and Level Annotations

Branches:
Dungeon (15/15)            Temple (1/1) D:7            Lair (6/6) D:10
  Swamp (4/4) Lair:4        Snake (4/4) Lair:2        Slime (0/5) Lair:5
    Orc (2/2) D:12            Elf (3/3) Orc:2        Vaults (0/5) D:14
 Depths (0/4) D:15          IceCv (visited)         Volcano (visited)
Gauntlet (visited)

Altars:
Cheibriados
Dithmenos
Kikubaaqudgha
Makhleb
Nemelex Xobeh
Okawaru
Qazlal
Ru
Sif Muna
Trog
Vehumet
Yredelemnul
The Shining One
Beogh
Jiyva

Shops:
D:1 ![=:   D:6 :   D:7 :   D:11 (   Orc:2 ([*=   Elf:1 =:=   Snake:1 *
Snake:2 [

Portals:
Trove: Elf:3 (show slimy rune of Zot)

Annotations:
D:9 exclusion: oklob plant
Lair:2 3 runed translucent doors, yegreS's ghost, journeyman MiFi
Swamp:2 8 runed translucent doors, Zahirihu's ghost, adept MiFi
Swamp:4 2 runed translucent doors, Zahirihu's ghost, adept MiFi; anonymous's ghost, adept DEEE
Snake:2 4 runed translucent doors, Sisurolu's ghost, adept HOFi
Snake:3 Nikola

######...#
#.##.##...........#
.........##
#.##.##...........#
######....#
#.##@##...........#
#.........#
#.##(##....#.######
#)###.#'#.###.##.##....#.#
...##.#.#..##.##.##....#.#
...##.#.##.##.##.##....#.#
..†##.#.......##.##....#.#
...##.####..####@##.[..#.#
...##.# ##.# #.##....#.#
...##.# #.# #'##...)#.#**
...##.# #.. ...####)#.#* ,
...# #...,...#...)..# *
#'##* #.......#>...).#
#'###.#####.......#......#
**
.................#.....†#
, ,
,...............####.#.#**


You could see Nikola.


Message History

The puff of flame hits Nikola!
Nikola is severely wounded.
The zombie hands constrict Nikola!
The zombie hands release their grip on Nikola.
Nikola gestures wildly while chanting.
Lightning arcs from Nikola's hands!
The bolt of lightning hits you!! You resist.
* * * LOW HITPOINT WARNING * * *
Aiming: Corrosive Bolt
Press: ? - help, Shift-Dir - straight line, f - you, p - Nikola
Okay, then.
Nikola mumbles some strange words.
Lightning arcs from Nikola's hands!
The bolt of lightning hits you!! You resist.
* * * LOW HITPOINT WARNING * * *
Okay, then.
Okay, then.
You feel much better.
Aiming: Corrosive Bolt
Press: ? - help, Shift-Dir - straight line, f - you, p - Nikola
Okay, then.
Casting: Borgnjor's Vile Clutch (safe; 1% risk of failure)
Confirm with . or Enter, or press ? or * to list all spells.
You miscast Animate Armour.
You are very lightly contaminated with residual magic.
Nothing appears to happen.
Nikola gestures wildly while chanting.
Lightning arcs from Nikola's hands!
The bolt of lightning hits you!! You resist.
You die...

Skill      XL: |  1  2  3  4  5  6  7  8  9 10 11 12 13 14 15 16 17 18 19 |
---------------+----------------------------------------------------------+-----
Earth Magic    | 5 6 7 9 10 12 14 15 18 | 18.6
Spellcasting   | 2 3 4 9 12 13 | 13.0
Dodging        | 5 6 8 |  8.8
Shields        | 5 13 14 15 | 15.2
Armour         | 3 10 14 15 17 | 17.0
Fighting       | 2 6 |  6.0
Conjurations   | 1 |  1.2
Evocations     | 4 6 7 10 11 | 11.0
Necromancy     | 8 14 16 19 | 19.5
Translocations | 4 |  4.4
Transmutations | 13 | 13.0
Stealth        | |  2.4

Action                   |  1- 3 |  4- 6 |  7- 9 | 10-12 | 13-15 | 16-18 | 19-21 || total
-------------------------+-------+-------+-------+-------+-------+-------+-------++-------
Melee: Unarmed           |    27 |       |       |       |       |       |       ||    27
       Dagger            |     7 |    42 |    12 |    74 |       |       |       ||   135
       Quarterstaff      |       |       |    10 |       |       |       |       ||    10
       Spear             |       |       |       |    18 |    29 |       |       ||    47
       Staff             |       |       |       |       |   127 |   202 |    91 ||   420
 Cast: Sandblast         |    53 |    73 |    97 |    94 |   154 |   166 |    12 ||   649
       Passwall          |     2 |    10 |    17 |    46 |    15 |    44 |     8 ||   142
       Stone Arrow       |       |     3 |    42 |   268 |   510 |   214 |    19 ||  1056
       Borgnjor's Vile C |       |       |       |       |       |   268 |    66 ||   334
       Apportation       |       |       |       |       |       |    29 |     1 ||    30
       Infestation       |       |       |       |       |       |       |     4 ||     4
       Death Channel     |       |       |       |       |       |       |     1 ||     1
       Animate Armour    |       |       |       |       |       |       |     1 ||     1
 Abil: Heal Wounds       |       |       |       |       |       |     1 |       ||     1
Evoke: Wand              |       |       |     4 |    37 |    96 |    33 |     6 ||   176
       Tin of tremorston |       |       |       |       |     4 |     5 |       ||     9
       Box of beasts     |       |       |       |       |       |     1 |       ||     1
  Use: Potion            |     3 |     3 |     3 |     2 |     7 |     6 |     1 ||    25
       Scroll            |       |     6 |     8 |     4 |    15 |    20 |       ||    53
 Stab: Sleeping          |       |     2 |     3 |     2 |     1 |     1 |       ||     9
       Paralysed         |       |       |       |       |    18 |       |       ||    18
Armor: Robe              |    20 |       |       |       |       |       |       ||    20
       Leather armour    |       |    12 |     7 |       |       |       |       ||    19
       Steam dragon scal |       |       |    12 |     3 |       |       |       ||    15
       Ice dragon scales |       |       |       |   158 |   446 |   320 |    84 ||  1008
Dodge: Dodged            |    63 |    25 |    45 |   143 |   392 |   342 |   109 ||  1119
       Repelled          |       |     2 |       |     6 |    10 |    18 |    23 ||    59
Block: Buckler           |       |       |     6 |    79 |   178 |   241 |    23 ||   527
       Kite shield       |       |       |       |       |       |       |    98 ||    98

Levels and vault maps discovered:
D:1:      kilobyte_arrival_exit_the_forest, layout_basic,
          shapermc_ecumenical_altar_mp_vishouse, serial_shops, shop,
          nicolae_shop_statue_plus, nicolae_shop_stone,
          nicolae_shop_competitors_out_of_business
D:2:      layout_rooms, hangedman_decor_riveting, uniq_robin, uniq_terence
D:3:      kennysheep_the_goblin_king, layout_basic,
          chequers_temple_overflow_minitemple
D:4:      layout_loops_cross, grunt_decor_one_mirror, uniq_menkaure
D:5:      layout_cave_pools, uniq_eustachio, uniq_crazy_yiuf_cottage,
          uniq_blork_the_orc
D:6:      layout_gridville, nicolae_shop_self_help, uniq_maggie
D:7:      layout_basic, minmay_temple_entry_arrows, kb_lookout_dungeons_type,
          nicolae_stop_n_shop_1, kennysheep_potato, uniq_joseph
D:8:      layout_basic, nicolae_qazlal_scattered_showers, water_boxes_lemuel
D:9:      lemuel_slime, layout_stronghold, kennysheep_mini,
          nicolae_overflow_hidden_temple, uniq_erica
D:10:     layout_irregular_city, erik_lair_dragon, uniq_nergalle
D:11:     layout_cave_pods, serial_shops, nicolae_square_shop
D:12:     layout_loops_cross, orc_0_dummy, serial_glass, glass_columns_b,
          glass_columns_b, glass_columns_c, glass_columns_a, glass_columns_c,
          glass_columns_a, glass_columns_c, glass_columns_a, glass_columns_b,
          glass_columns_c, glass_columns_b, glass_columns_c, glass_columns_b,
          glass_columns_a, evilmike_butchery
D:13:     layout_layer_cave, special_room [special_room_bee]
D:14:     minmay_opposing_rooms, layout_stronghold,
          hangedman_vaults_entry_quadrant_bands, grunt_dithmenos_shadows,
          minmay_increasing_density
D:15:     hangedman_depths_entry_civil_slaughter, layout_long_grid,
          okawaru_metal_pillars_1_2, trog_hazing_becter
Temple:   dshaligram_water_room_temple
Lair:1:   layout_cave_pods, portal_ice_cave_rime, lemuel_fruit_fields,
          serial_bayou_shore_b
Lair:2:   gammafunk_ghost_ooze, layout_big_grid, guppyfry_snake_entry_garden
Lair:3:   layout_loops_ring, gauntlet_entry_generic, grunt_megastairs_2,
          lemuel_fruit_tree
Lair:4:   layout_long_grid, minmay_swamp_entry_worms, st_stairs_7,
          serial_bayou_shore_b, infiniplex_staircase_pool, serial_bayou_shore_b,
          grunt_megastairs_4
Lair:5:   layout_layer_cave, slime_dummy, beast_lair_carwin_3
Lair:6:   wormcave, layout_regular_city, hangedman_lair_tendril_chambers,
          kilobyte_rumbling_trees
Swamp:1:  layout_basic_swamp, gammafunk_ghost_berserking_beasts,
          lemuel_altar_in_water
Swamp:2:  layout_basic_swamp, advil_vaults_ghost_lines,
          evilmike_swamp_ruin_house_4, swamp_pool4, infiniplex_staircase_pool_2
Swamp:3:  layout_basic_swamp, evilmike_swamp_ruin_house_3, uniq_louise
Swamp:4:  swamp_fiery, layout_basic_swamp, advil_vaults_ghost_guards,
          swamp_pool1, nicolae_swamp_dense_foliage
Snake:1:  layout_rooms, nicolae_shop_gadgets, uniq_aizul, uniq_josephine,
          uniq_agnes
Snake:2:  layout_onion_interference, advil_vaults_ghost_lines, serial_shops,
          shop, nicolae_coiled_stairwell_down, uniq_vashnia
Snake:3:  layout_basic, serial_bayou_crossing, uniq_nikola
Snake:4:  grunt_snake_rune_pools, layout_rooms, basic_altar
Orc:1:    layout_caves, nicolae_volcano_entry_vermiform, mines2_lemuel
Orc:2:    grunt_orc_community_town_hall, layout_caves,
          grunt_orc_community_big_house_1, grunt_orc_community_big_house_1,
          grunt_orc_community_house_1, grunt_orc_community_house_1,
          grunt_orc_community_house_3, grunt_orc_community_house_3, basic_altar,
          serial_shops, nicolae_shop_crystal, nicolae_orc_crystal_geode,
          uniq_maurice, uniq_snorg
Elf:1:    nicolae_elf_arrival_no_cutting_in_line, layout_loops_ring,
          special_room [special_room_orc], hangedman_elf_represent,
          minmay_shop_grove, uniq_frances
Elf:2:    elven_hall_of_blades_hangedman_alternative [grunt_blade_entry_basic],
          layout_geoelf_diagonals
Elf:3:    minmay_elf_hall_four_x, layout_geoelf_octagon, basic_altar,
          enter_trove_1

Notes
Turn   | Place    | Note
-------+----------+-------------------------------------------
     0 | D:1      | Irenicus the Deep Dwarf Earth Elementalist began the quest
                  | for the Orb.
     0 | D:1      | Reached XP level 1. HP: 15/15 MP: 3/3
   359 | D:1      | Reached XP level 2. HP: 22/22 MP: 1/4
   423 | D:1      | Reached skill level 5 in Earth Magic
   437 | D:1      | Found Wowe's Jewellery Boutique.
   440 | D:1      | Found Oliytzim's Armour Shop.
   446 | D:1      | Found Utuparph's Book Shop.
   518 | D:1      | Learned a level 2 spell: Passwall
   532 | D:1      | Found a faded altar of an unknown god.
   552 | D:1      | Found Plog's Distillery.
   692 | D:2      | Reached XP level 3. HP: 20/28 MP: 0/5
   711 | D:2      | Noticed Robin
   792 | D:2      | Reached skill level 6 in Earth Magic
   905 | D:2      | Noticed Terence
   998 | D:2      | Killed Robin
   999 | D:2      | Reached XP level 4. HP: 14/36 MP: 2/6
  1055 | D:2      | Learned a level 3 spell: Stone Arrow
  1066 | D:2      | Killed Terence
  1067 | D:2      | Reached skill level 7 in Earth Magic
  1654 | D:3      | Found a burning altar of Makhleb.
  1654 | D:3      | Found a shadowy altar of Dithmenos.
  1659 | D:3      | Found a glowing golden altar of the Shining One.
  1661 | D:3      | Found a basalt altar of Yredelemnul.
  1662 | D:3      | Found an ancient bone altar of Kikubaaqudgha.
  1672 | D:3      | Became a worshipper of Makhleb the Destroyer
  1704 | D:3      | Noticed Ijyb
  1741 | D:3      | Reached XP level 5. HP: 13/42 MP: 0/7
  1850 | D:3      | Killed Ijyb
  1851 | D:3      | Reached skill level 8 in Earth Magic
  2020 | D:4      | Noticed Menkaure
  2040 | D:4      | Killed Menkaure
  2041 | D:4      | Reached skill level 9 in Earth Magic
  2041 | D:4      | Reached XP level 6. HP: 40/49 MP: 0/8
  2248 | D:4      | Reached skill level 10 in Earth Magic
  2360 | D:5      | Entered Level 5 of the Dungeon
  2441 | D:5      | Noticed Eustachio
  2453 | D:5      | Killed Eustachio
  2454 | D:5      | Reached skill level 2 in Spellcasting
  2454 | D:5      | Reached XP level 7. HP: 41/55 MP: 0/10
  2454 | D:5      | Noticed Blork the orc
  2480 | D:5      | Killed Blork the orc
  2528 | D:5      | Reached * piety under Makhleb
  2529 | D:5      | Reached skill level 3 in Spellcasting
  2529 | D:5      | Reached skill level 11 in Earth Magic
  2581 | D:5      | Found a runed translucent door.
  2581 | D:5      | Noticed Crazy Yiuf
  2587 | D:5      | Killed Crazy Yiuf
  2783 | D:6      | Reached skill level 12 in Earth Magic
  2783 | D:6      | Reached XP level 8. HP: 46/62 MP: 1/12
  2818 | D:6      | Found Ohehoag's Self-Improvement Boutique.
  3001 | D:6      | Reached skill level 13 in Earth Magic
  3112 | D:6      | Noticed Maggie
  3149 | D:6      | Killed Maggie
  3150 | D:6      | Reached skill level 14 in Earth Magic
  3263 | D:7      | Noticed Joseph
  3360 | D:7      | Found Plog's Book Shoppe.
  3364 | D:7      | Gained mutation: You passively map the area around you.
                  | [Deep Dwarf growth]
  3364 | D:7      | Reached XP level 9. HP: 20/68 MP: 4/14
  3409 | D:7      | Reached skill level 3 in Dodging
  3432 | D:7      | Found a staircase to the Ecumenical Temple.
  3452 | Temple   | Entered the Ecumenical Temple
  3503 | D:7      | Identified the +11 quarterstaff "Leclomp" {elec, Dex+3}
  3598 | D:7      | Reached ** piety under Makhleb
  3636 | D:7      | Reached skill level 1 in Shields
  3636 | D:7      | Reached skill level 15 in Earth Magic
  3654 | D:7      | Reached skill level 2 in Shields
  3654 | D:7      | Reached skill level 4 in Spellcasting
  3752 | D:7      | Killed Joseph
  3753 | D:7      | Reached skill level 4 in Shields
  3854 | D:1      | Bought an amulet of magic regeneration for 360 gold pieces
  4038 | D:8      | Reached skill level 5 in Shields
  4052 | D:8      | Found a stormy altar of Qazlal.
  4092 | D:8      | Reached skill level 4 in Dodging
  4119 | D:8      | Reached skill level 5 in Dodging
  4123 | D:8      | Reached skill level 1 in Armour
  4133 | D:8      | Reached skill level 2 in Armour
  4252 | D:8      | HP: 4/68 [wyvern zombie (5)]
  4254 | D:8      | Reached skill level 3 in Armour
  4254 | D:8      | Identified a potion of resistance
  4352 | D:8      | Reached XP level 10. HP: 22/76 MP: 14/16
  4356 | D:8      | Reached skill level 1 in Fighting
  4375 | D:8      | Reached *** piety under Makhleb
  4433 | D:8      | Reached skill level 2 in Fighting
  4462 | D:8      | Identified the +9 ice dragon scales of Qeasoree {rElec
                  | rPois rF- rC++}
  4519 | D:9      | Noticed a boulder beetle
  4534 | D:9      | Reached skill level 4 in Armour
  4634 | D:9      | Reached skill level 1 in Conjurations
  4764 | D:9      | Identified a +1 robe of the Archmagi
  4764 | D:9      | Noticed Erica
  4769 | D:9      | Killed Erica
  4770 | D:9      | Reached skill level 6 in Armour
  4794 | D:9      | Noticed an oklob plant
  4919 | D:9      | Reached skill level 7 in Armour
  4929 | D:9      | Found a shimmering blue altar of Sif Muna.
  5005 | D:9      | Found a snail-covered altar of Cheibriados.
  5007 | D:9      | Found a sacrificial altar of Ru.
  5116 | D:9      | Reached skill level 8 in Armour
  5240 | D:10     | Entered Level 10 of the Dungeon
  5246 | D:10     | Identified the +0 scale mail of the Sturgeon {Rampage rElec
                  | rPois rN+}
  5428 | D:10     | Noticed Nergalle
  5436 | D:10     | Killed Nergalle
  5437 | D:10     | Reached skill level 9 in Armour
  5552 | D:10     | Reached **** piety under Makhleb
  5568 | D:10     | Reached skill level 10 in Armour
  5578 | D:10     | Identified the amulet "Lufe" {Spirit rF+ Stlth+}
  5590 | D:10     | Reached XP level 11. HP: 63/86 MP: 4/17
  5676 | D:10     | Found a staircase to the Lair.
  5869 | D:11     | Noticed a purple ugly thing
  5878 | D:11     | Killed a purple ugly thing
  5889 | D:11     | Noticed a tengu warrior
  5896 | D:11     | Killed a tengu warrior
  5897 | D:11     | Reached skill level 11 in Armour
  6008 | D:11     | Reached skill level 2 in Evocations
  6031 | D:11     | Reached skill level 3 in Evocations
  6049 | D:11     | Reached skill level 4 in Evocations
  6149 | D:11     | Found Zoeriric's Antique Weapon Shop.
  6181 | D:11     | Reached skill level 12 in Armour
  6243 | D:11     | Noticed a two-headed ogre
  6243 | D:11     | Noticed a four-headed hydra
  6255 | D:12     | Noticed a deep elf pyromancer
  6258 | D:12     | Killed a deep elf pyromancer
  6310 | D:12     | Noticed a two-headed ogre
  6316 | D:12     | Killed a two-headed ogre
  6341 | D:12     | Noticed a two-headed ogre
  6345 | D:12     | Killed a two-headed ogre
  6346 | D:12     | Reached skill level 13 in Armour
  6494 | D:12     | Reached ***** piety under Makhleb
  6532 | D:12     | Reached skill level 14 in Armour
  6647 | D:12     | Noticed a skeletal warrior
  6647 | D:12     | Noticed a skeletal warrior
  6647 | D:12     | Noticed a skeletal warrior
  6838 | D:12     | Reached XP level 12. HP: 64/93 MP: 6/18
  6841 | D:12     | Found a staircase to the Orcish Mines.
  6868 | D:12     | Upgraded the game from 0.28-a0-612-gcfc00ec14d to
                  | 0.28-a0-620-g539b0f7ac7
  6894 | Lair:1   | Entered Level 1 of the Lair of Beasts
  6927 | Lair:1   | Found a frozen archway.
  6940 | IceCv    | Entered an ice cave
  6961 | IceCv    | Found a transporter.
  6994 | IceCv    | Found a transporter.
  7039 | IceCv    | Reached skill level 5 in Spellcasting
  7053 | IceCv    | Identified the +4 spear "Feufrais" {vorpal, rElec rC++
                  | Str+7}
  7176 | Lair:1   | Noticed an eight-headed hydra
  7180 | Lair:1   | Killed an eight-headed hydra
  7181 | Lair:1   | Reached skill level 6 in Spellcasting
  7477 | Lair:1   | Reached skill level 5 in Evocations
  7557 | Lair:2   | Reached skill level 7 in Spellcasting
  7568 | Lair:2   | Reached skill level 6 in Evocations
  7656 | Lair:2   | Found a staircase to the Snake Pit.
  7667 | Lair:2   | You fall into a shaft and drop 1 floor!
  7706 | Lair:3   | Noticed an eight-headed hydra
  7712 | Lair:3   | Killed an eight-headed hydra
  7713 | Lair:3   | Reached skill level 8 in Spellcasting
  7757 | Lair:3   | Found a gate leading to a gauntlet.
  7767 | Gauntlet | Entered a Gauntlet
  7767 | Gauntlet | Found a transporter.
  7767 | Gauntlet | Found a transporter.
  7769 | Gauntlet | Found a transporter.
  7771 | Gauntlet | Found a transporter.
  7773 | Gauntlet | Found a transporter.
  7773 | Gauntlet | Found a transporter.
  7783 | Gauntlet | Found a transporter.
  7785 | Gauntlet | Found a transporter.
  7787 | Gauntlet | Found a transporter.
  7789 | Gauntlet | Found a transporter.
  7801 | Gauntlet | Found a transporter.
  7802 | Gauntlet | Found a transporter.
  7901 | Gauntlet | Reached skill level 9 in Spellcasting
  7973 | Gauntlet | Reached XP level 13. HP: 78/99 MP: 17/26
  7983 | Gauntlet | Identified the +0 pair of gloves "Opasorcha" {Dex+3}
  8007 | Gauntlet | Noticed a minotaur
  8012 | Gauntlet | Killed a minotaur
  8168 | Lair:3   | Reached skill level 10 in Spellcasting
  8445 | Lair:2   | Found a runed translucent gate.
  8445 | Lair:2   | Found a runed translucent gate.
  8445 | Lair:2   | Found a runed translucent gate.
  8446 | Lair:2   | Noticed yegreS's ghost (journeyman MiFi)
  8449 | Lair:2   | Found a viscous altar of Jiyva.
  8762 | Lair:4   | Reached skill level 11 in Spellcasting
  8885 | Lair:4   | Reached ****** piety under Makhleb
  8886 | Lair:4   | Reached skill level 12 in Spellcasting
  8900 | Lair:4   | Found a staircase to the Swamp.
  9259 | Lair:5   | Identified the +6 battleaxe of the Two Names {vorpal, *Slow
                  | Str+4 Int+3}
  9262 | Lair:5   | Found a staircase to the Slime Pits.
  9276 | Lair:5   | Identified a scroll of acquirement
  9276 | Lair:5   | Acquired a staff of earth
  9420 | Lair:5   | Reached skill level 15 in Armour
  9565 | Lair:6   | Entered Level 6 of the Lair of Beasts
  9584 | Lair:6   | Gained mutation: You resist negative energy. (rN+) [Deep
                  | Dwarf growth]
  9584 | Lair:6   | Reached XP level 14. HP: 108/108 MP: 13/30
  9693 | Lair:6   | Got the Catalogue of Fire
  9740 | Lair:6   | Reached skill level 3 in Fighting
  9925 | Lair:6   | Reached skill level 13 in Spellcasting
  9990 | Lair:6   | Reached skill level 16 in Armour
 10312 | Lair:6   | Found a runed translucent door.
 10442 | Lair:6   | Reached skill level 17 in Armour
 10516 | Lair:6   | Reached skill level 4 in Fighting
 10634 | Swamp:1  | Entered Level 1 of the Swamp
 10645 | Swamp:1  | Noticed a fenstrider witch
 10652 | Swamp:1  | Killed a fenstrider witch
 10653 | Swamp:1  | Reached skill level 5 in Fighting
 10676 | Swamp:1  | Found a sparkling altar of Nemelex Xobeh.
 10686 | Swamp:1  | Found a transporter.
 10695 | Swamp:1  | Noticed sn0wgr3's ghost (adept GrFi)
 10708 | Swamp:1  | Found a transporter.
 10731 | Swamp:1  | Reached skill level 6 in Fighting
 10784 | Swamp:1  | Reached skill level 6 in Dodging
 10801 | Swamp:1  | Reached skill level 7 in Evocations
 10804 | Swamp:1  | Reached XP level 15. HP: 62/126 MP: 1/32
 10953 | Swamp:1  | Reached skill level 8 in Evocations
 10954 | Swamp:1  | Identified the -5 helmet of the Buccaneer {rCorr MP-9
                  | Int+3}
 10969 | Swamp:1  | Killed sn0wgr3's ghost
 11044 | Swamp:2  | Reached skill level 9 in Evocations
 11045 | Swamp:2  | Reached skill level 7 in Dodging
 11121 | Swamp:2  | Reached skill level 8 in Dodging
 11123 | Swamp:2  | Noticed a thorn hunter
 11129 | Swamp:2  | Found a large runed translucent door.
 11129 | Swamp:2  | Found a large runed translucent door.
 11129 | Swamp:2  | Found a large runed translucent door.
 11130 | Swamp:2  | Found a large runed translucent door.
 11130 | Swamp:2  | Found a large runed translucent door.
 11130 | Swamp:2  | Found a large runed translucent door.
 11130 | Swamp:2  | Found a large runed translucent door.
 11130 | Swamp:2  | Found a large runed translucent door.
 11130 | Swamp:2  | Noticed a vault warden
 11130 | Swamp:2  | Noticed Zahirihu's ghost (adept MiFi)
 11130 | Swamp:2  | Noticed a thorn hunter
 11130 | Swamp:2  | Noticed a vault warden
 11173 | Swamp:3  | Noticed Louise
 11198 | Swamp:3  | HP: 12/126 [spore (28)]
 11206 | Swamp:3  | Killed Louise
 11437 | Swamp:3  | Reached skill level 16 in Earth Magic
 11596 | Swamp:4  | Entered Level 4 of the Swamp
 11720 | Swamp:4  | Reached skill level 17 in Earth Magic
 11839 | Swamp:4  | Reached skill level 18 in Earth Magic
 11919 | Swamp:4  | Got a decaying rune of Zot
 12043 | Swamp:4  | Found a large runed translucent door.
 12043 | Swamp:4  | Noticed anonymous's ghost (adept DEEE)
 12044 | Swamp:4  | Found a large runed translucent door.
 12044 | Swamp:4  | Noticed a vault warden
 12044 | Swamp:4  | Noticed Zahirihu's ghost (adept MiFi)
 12089 | Swamp:4  | Reached skill level 10 in Evocations
 12090 | Swamp:4  | Noticed a tentacled monstrosity
 12095 | Swamp:4  | Reached XP level 16. HP: 86/133 MP: 6/33
 12096 | Swamp:4  | Paralysed by a hornet for 3 turns
 12103 | Swamp:4  | Killed a tentacled monstrosity
 12115 | Swamp:4  | Reached skill level 11 in Evocations
 12325 | D:7      | Bought a book of Unlife for 468 gold pieces
 12331 | D:7      | Learned a level 5 spell: Borgnjor's Vile Clutch
 12403 | D:6      | Bought a manual of Shields for 1120 gold pieces
 12491 | Orc:1    | Entered Level 1 of the Orcish Mines
 12523 | Orc:1    | Found a dark tunnel.
 12536 | Volcano  | Entered a volcano
 12607 | Volcano  | Reached skill level 1 in Necromancy
 12640 | Volcano  | Identified the +0 pair of boots "Jeniepn" {rElec Will++
                  | Int+2}
 12817 | Orc:2    | Entered Level 2 of the Orcish Mines
 12817 | Orc:2    | Found Ysoev's Jewellery Emporium.
 12824 | Orc:2    | Reached skill level 6 in Shields
 12879 | Orc:2    | Reached skill level 2 in Necromancy
 12884 | Orc:2    | Found Puvephas's Assorted Antiques.
 12955 | Orc:2    | Found a staircase to the Elven Halls.
 13137 | Orc:2    | Reached skill level 7 in Shields
 13205 | Orc:2    | Reached skill level 3 in Necromancy
 13267 | Orc:2    | Found a burning altar of Makhleb.
 13282 | Orc:2    | Noticed Maurice
 13293 | Orc:2    | Killed Maurice
 13398 | Orc:2    | Found Ywouggoez's Antique Weapon Boutique.
 13402 | Orc:2    | Found Kaiggaj's Antique Armour Shop.
 13419 | Orc:2    | Bought a heavily runed buckler for 266 gold pieces
 13419 | Orc:2    | Identified the +0 buckler "Nesuuvim" {+Blink Str+4 Int-3}
                  | (You bought it in a shop on level 2 of the Orcish Mines)
 13441 | Orc:2    | Noticed Snorg
 13448 | Orc:2    | Killed Snorg
 13449 | Orc:2    | Reached skill level 8 in Shields
 13456 | Elf:1    | Entered Level 1 of the Elven Halls
 13469 | Elf:1    | Reached skill level 4 in Necromancy
 13487 | Elf:1    | Reached skill level 9 in Shields
 13554 | Elf:1    | Reached skill level 5 in Necromancy
 13575 | Elf:1    | Noticed Frances
 13584 | Elf:1    | Killed Frances
 13620 | Elf:1    | Reached skill level 10 in Shields
 13637 | Elf:1    | Reached skill level 6 in Necromancy
 13763 | Elf:1    | Reached skill level 11 in Shields
 13782 | Elf:1    | Reached skill level 7 in Necromancy
 13859 | Elf:1    | Found Ythaonun's Jewellery Shoppe.
 13859 | Elf:1    | Found Hatza's Book Boutique.
 13860 | Elf:1    | Found Maduts's Jewellery Shoppe.
 13878 | Elf:1    | Bought a ring of resist corrosion for 220 gold pieces
 13906 | Elf:1    | Reached skill level 12 in Shields
 14098 | Elf:2    | Paralysed by an air elemental for 1 turns
 14133 | Elf:2    | Reached skill level 8 in Necromancy
 14204 | Elf:2    | Paralysed by an air elemental for 1 turns
 14229 | Elf:2    | Reached skill level 13 in Shields
 14279 | Elf:2    | Acquired Irenicus's Papyrus of Arcane Weapons
 14336 | Elf:2    | Reached XP level 17. HP: 137/140 MP: 14/34
 14343 | Elf:2    | Found a huge runed translucent gate.
 14343 | Elf:2    | Found a huge runed translucent gate.
 14343 | Elf:2    | Found a huge runed translucent gate.
 14343 | Elf:2    | Found a huge runed translucent gate.
 14344 | Elf:2    | Found a huge runed translucent gate.
 14383 | Elf:2    | Reached skill level 9 in Necromancy
 14410 | Elf:2    | Reached skill level 14 in Shields
 14635 | Elf:2    | Reached skill level 10 in Necromancy
 14806 | Elf:2    | Reached skill level 11 in Necromancy
 14810 | Elf:2    | Learned a level 1 spell: Apportation
 14909 | Elf:3    | Entered Level 3 of the Elven Halls
 14997 | Elf:3    | Reached skill level 12 in Necromancy
 15099 | Elf:3    | Found a portal to a secret trove of treasure.
 15109 | Elf:3    | Reached skill level 1 in Translocations
 15147 | Elf:3    | Reached skill level 2 in Translocations
 15157 | Elf:3    | Found an ancient bone altar of Kikubaaqudgha.
 15219 | Elf:3    | Reached skill level 3 in Translocations
 15220 | Elf:3    | Reached skill level 13 in Necromancy
 15220 | Elf:3    | Reached skill level 4 in Translocations
 15233 | Elf:3    | Paralysed by an air elemental for 1 turns
 15246 | Elf:3    | Noticed a deep elf master archer
 15330 | Elf:3    | HP: 14/140 [deep elf master archer/arrow (23)]
 15333 | Elf:3    | Killed a deep elf master archer
 15334 | Elf:3    | Reached skill level 14 in Necromancy
 15374 | Elf:3    | Noticed a deep elf master archer
 15379 | Elf:3    | Killed a deep elf master archer
 15384 | Elf:3    | Gained mutation: You passively map a large area around you.
                  | [Deep Dwarf growth]
 15384 | Elf:3    | Reached XP level 18. HP: 75/147 MP: 12/35
 15401 | Elf:3    | HP: 6/147 [deep elf annihilator/crystal spear (50)]
 15483 | Elf:3    | Noticed a Brimstone Fiend
 15498 | Elf:3    | Reached skill level 15 in Necromancy
 15529 | Elf:3    | HP: 13/147 [deep elf sorcerer/bolt of acid (20)]
 15681 | Elf:3    | Identified the ring "Saczah" {rN+ Int+6 Stlth+}
 15683 | Elf:3    | Identified the +6 mace of Qyssocap {drain, Str+5 Dex+3}
 15717 | Elf:3    | Identified the +4 falchion of Ameta {antimagic, *Slow rF+
                  | Dex+3}
 15718 | Elf:3    | Identified the +4 scale mail "Ulaon" {Int+8}
 15725 | Elf:3    | Learned a level 4 spell: Animate Armour
 15917 | D:13     | Reached skill level 1 in Transmutations
 15921 | D:13     | Reached skill level 2 in Transmutations
 16035 | D:13     | Reached skill level 3 in Transmutations
 16054 | D:13     | Reached skill level 4 in Transmutations
 16176 | D:13     | Reached skill level 5 in Transmutations
 16523 | D:14     | Reached skill level 6 in Transmutations
 16661 | D:14     | Reached skill level 7 in Transmutations
 16708 | D:14     | Found a gate to the Vaults.
 16816 | D:14     | Reached skill level 8 in Transmutations
 17024 | D:14     | Found a shadowy altar of Dithmenos.
 17063 | D:15     | Entered Level 15 of the Dungeon
 17084 | D:15     | Reached skill level 9 in Transmutations
 17108 | D:15     | Found a staircase to the Depths.
 17141 | D:15     | Found an iron altar of Okawaru.
 17200 | D:15     | Found a bloodstained altar of Trog.
 17341 | D:15     | Reached skill level 10 in Transmutations
 17778 | Snake:1  | Entered Level 1 of the Snake Pit
 17795 | Snake:1  | Reached skill level 11 in Transmutations
 17817 | Snake:1  | Noticed Agnes
 17826 | Snake:1  | Killed Agnes
 17846 | Snake:1  | Noticed Aizul
 17854 | Snake:1  | Killed Aizul
 17874 | Snake:1  | Reached skill level 12 in Transmutations
 17988 | Snake:1  | Found Boumi's Gadget Gallery.
 18044 | Snake:1  | Noticed Josephine
 18049 | Snake:1  | Killed Josephine
 18195 | Snake:2  | Found Zoengeh's Antique Armour Emporium.
 18201 | Snake:2  | Bought a pair of twisted boots for 275 gold pieces
 18201 | Snake:2  | Identified the -7 pair of boots "Uggey" {Contam Rampage
                  | +Inv Regen+} (You bought it in a shop on level 2 of the
                  | Snake Pit)
 18201 | Snake:2  | Bought a pair of glowing gloves for 217 gold pieces
 18244 | Snake:2  | Reached skill level 13 in Transmutations
 18275 | Snake:2  | Found a large runed translucent door.
 18280 | Snake:2  | Found a large runed translucent door.
 18281 | Snake:2  | Found a large runed translucent door.
 18281 | Snake:2  | Found a large runed translucent door.
 18282 | Snake:2  | Found a large runed translucent door.
 18282 | Snake:2  | Found a large runed translucent door.
 18282 | Snake:2  | Found a large runed translucent door.
 18282 | Snake:2  | Noticed Sisurolu's ghost (adept HOFi)
 18283 | Snake:2  | Found a large runed translucent door.
 18375 | Snake:2  | Noticed Vashnia
 18378 | Snake:2  | Reached skill level 16 in Necromancy
 18382 | Snake:2  | Reached XP level 19. HP: 122/154 MP: 8/35
 18385 | Snake:2  | Killed Vashnia
 18576 | Snake:3  | Reached skill level 17 in Necromancy
 18732 | Snake:2  | Reached skill level 15 in Shields
 18744 | Snake:4  | Entered Level 4 of the Snake Pit
 18856 | Snake:4  | Learned a level 6 spell: Death Channel
 18865 | Snake:4  | Learned a level 8 spell: Infestation
 18947 | Snake:4  | Reached skill level 18 in Necromancy
 19016 | Snake:4  | Got a serpentine rune of Zot
 19075 | Snake:4  | Reached skill level 19 in Necromancy
 19142 | Snake:4  | Found a basalt altar of Yredelemnul.
 19426 | Snake:3  | Noticed Nikola
 19438 | Snake:3  | HP: 6/154 [Nikola/arc of chain lightning (33)]
 19440 | Snake:3  | Killed from afar by Nikola

Vanquished Creatures
  Vashnia (Snake:2)
  A tentacled monstrosity (Swamp:4)
  2 deep elf master archers (Elf:3)
  Agnes (Snake:1)
  Frances (Elf:1)
  3 nagarajas (Snake:4)
  The ghost of sn0wgr3 the Peltast, an adept GrFi of Okawaru (Swamp:1)
  A fenstrider witch (Swamp:1)
  Aizul (Snake:1)
  2 vault wardens (Snake:2)
  Louise (Swamp:3)
  11 deep elf sorcerers
  2 orc warlords
  7 deep elf elementalists (Elf:3)
  4 deep elf demonologists (Elf:3)
  5 bunyips
  6 deep elf annihilators (Elf:3)
  A minotaur (Gauntlet)
  6 deep elf death magi (Elf:3)
  Snorg (Orc:2)
  4 eleionomae
  An ettin (D:15)
  Josephine (Snake:1)
  3 fire dragons (Swamp:4)
  6 deep elf high priests
  6 boulder beetles
  A salamander tyrant (Snake:3)
  16 hydras
  An ice dragon (Lair:6)
  6 centaur warriors
  8 naga warriors
  Erica (D:9)
  8 anacondas
  A catoblepas (D:13)
  8 two-headed ogres
  5 alligators
  22 dancing weapons
  A death knight (D:14)
  3 orc high priests
  13 naga sharpshooters
  2 tengu warriors
  5 shock serpents
  15 deep elf knights
  A soul eater (Gauntlet)
  Nergalle (D:10)
  A fire crab (shapeshifter) (Elf:3)
  9 goliath frogs
  3 sea snakes (Snake:4)
  A salamander mystic (Snake:3)
  3 deep trolls (D:15)
  6 spriggan druids
  4 bog bodies
  2 glowing orange brains (Gauntlet)
  2 wizards (D:15)
  4 naga ritualists
  10 swamp dragons
  11 deep elf archers
  7 lindwurms
  A necromancer (D:15)
  6 ugly things
  28 deep elf zephyrmancers
  A wolf spider (Lair:6)
  3 orc knights
  41 deep elf pyromancers
  11 mana vipers
  7 cyclopes
  A manticore (D:12)
  2 elephants (Lair:5)
  3 orc sorcerers
  12 salamanders
  3 guardian serpents
  Joseph (D:7)
  3 ice statues
  Maurice (Orc:2)
  18 naga magi
  2 moths of wrath (Swamp:1)
  31 black mambas
  6 torpor snails
  3 gargoyles
  Maggie (D:6)
  17 cane toads
  A kobold demonologist (D:14)
  A rime drake (shapeshifter) (Elf:3)
  5 yaktaurs (D:14)
  12 komodo dragons
  A minotaur zombie (Gauntlet)
  3 rime drakes
  A freezing wraith (D:15)
  3 efreet
  A tengu conjurer (D:14)
  3 meliai (D:13)
  A queen bee (D:13)
  2 bloated husks (Swamp:1)
  3 trolls
  9 tyrant leeches
  3 polar bears
  22 hornets
  12 slime creatures
  15 dream sheep
  5 blink frogs (Lair:5)
  A water elemental (Elf:2)
  3 air elementals
  A centaur simulacrum (D:14)
  21 spriggans
  2 redbacks (Lair:6)
  A shadow (D:14)
  5 wraiths
  8 wyverns
  56 yaks
  Eustachio (D:5)
  7 fire elementals
  6 basilisks
  7 steam dragons
  Menkaure (D:4)
  23 vampire mosquitoes
  12 swamp worms
  2 acid dragons
  22 water moccasins
  2 wargs (Orc:2)
  45 nagas
  39 orc warriors
  A sky beast (D:7)
  8 swamp drakes (Swamp:4)
  5 black bears
  A necrophage (D:6)
  4 ogres
  6 boggarts
  7 wolves
  20 centaurs
  4 kobold brigands
  Blork the orc (D:5)
  6 earth elementals
  A gnoll sergeant (D:8)
  2 wyvern zombies
  13 bullfrogs
  A cane toad simulacrum (IceCv)
  An elephant simulacrum (IceCv)
  23 killer bees
  15 wights
  3 electric eels
  3 howler monkeys
  2 bullfrog zombies (D:6)
  A centaur zombie (D:7)
  Crazy Yiuf (D:5)
  2 bullfrog skeletons
  25 orc priests
  A gnoll shaman (D:7)
  2 hounds (D:6)
  8 jellies (D:9)
  Ijyb (D:3)
  Terence (D:2)
  An iguana (D:6)
  28 orc wizards
  A polar bear simulacrum (IceCv)
  Robin (D:2)
  3 howler monkey zombies
  15 gnolls
  3 adders
  3 shadow imps (Gauntlet)
  An ufetubus (D:4)
  4 worms
  2 dart slugs
  68 orcs
  4 bats
  18 endoplasms
  3 giant cockroaches (D:1)
  19 goblins
  6 hobgoblins
  2 jackals (D:2)
  8 kobolds
  3 quokkas
  5 ball pythons
  3 frilled lizards (D:2)
  2 rats (D:1)
1202 creatures vanquished.

Vanquished Creatures (collateral kills)
  5 nagarajas (Snake:4)
  5 naga warriors
  2 anacondas (Snake:1)
  2 naga sharpshooters (Snake:4)
  2 shock serpents (Snake:4)
  2 salamander mystics
  A sea snake (Snake:4)
  A naga ritualist (Snake:3)
  3 mana vipers
  A salamander (Snake:3)
  3 guardian serpents (Snake:4)
  4 black mambas
  6 naga magi (Snake:4)
  A yak (D:12)
  2 nagas (Snake:4)
  A gnoll sergeant (D:6)
  A wolf simulacrum (IceCv)
42 creatures vanquished.

Vanquished Creatures (others)
  A nagaraja (Snake:4)
  A deep elf knight (Elf:3)
  A bloated husk (Swamp:3)
  A vampire (D:12)
  2 yaks
  A steam dragon (Swamp:4)
  A water moccasin (Lair:3)
  A cane toad simulacrum (IceCv)
  An orc wizard (D:13)
  A bush (Lair:6)
  A demonic plant (Gauntlet)
  41 fungi
  69 plants
122 creatures vanquished.

Grand Total: 1366 creatures vanquished

Table legend: (Time is in decaauts)
 A = Elapsed time spent in this place.
 B = Non-inter-level travel time spent in this place.
 C = Inter-level travel time spent in this place.
 D = Time resting spent in this place.
 E = Time spent auto-exploring this place.
 F = Levels seen in this place.
 G = Mean time per level.
                   A        B        C        D        E       F      G
               +--------+--------+--------+--------+--------+-----+--------+
         Total |  19748 |  18900 |    848 |     38 |      0 |  38 |  519.7 |
       Dungeon |   8973 |   8320 |    653 |      0 |      0 |  15 |  598.2 |
        Temple |      1 |      1 |      0 |      0 |      0 |   1 |    1.0 |
          Lair |   3440 |   3330 |    110 |      0 |      0 |   6 |  573.3 |
         Swamp |   1727 |   1697 |     30 |      6 |      0 |   4 |  431.8 |
     Snake Pit |   1703 |   1686 |     17 |      0 |      0 |   4 |  425.8 |
  Orcish Mines |    842 |    806 |     36 |      0 |      0 |   2 |  421.0 |
   Elven Halls |   2413 |   2413 |      0 |      0 |      0 |   3 |  804.3 |
      Ice Cave |    156 |    156 |      0 |     32 |      0 |   1 |  156.0 |
       Volcano |    179 |    179 |      0 |      0 |      0 |   1 |  179.0 |
      Gauntlet |    309 |    309 |      0 |      0 |      0 |   1 |  309.0 |
               +--------+--------+--------+--------+--------+-----+--------+

Top non-repeatable levels by time:
  Lair:6: 1066 daAuts
   Elf:3: 905 daAuts
   Elf:2: 827 daAuts
    D:14: 799 daAuts
     D:3: 794 daAuts
     D:6: 744 daAuts
     D:9: 725 daAuts
    D:10: 704 daAuts
     D:1: 700 daAuts
   Elf:1: 681 daAuts
 Swamp:3: 612 daAuts
    D:11: 589 daAuts
   Orc:2: 570 daAuts
    D:12: 567 daAuts
 Swamp:4: 561 daAuts

Table legend:
 A = Non-vault XP
 B = Vault XP
 C = Vault XP percentage of total XP
 D = Non-vault monster count
 E = Vault monster count
 F = Vault count percentage of total count
                 A         B        C        D         E       F
            +---------+---------+-------+---------+---------+-------
      Total |  242479 |  215000 |  47.0 |     751 |     500 |  40.0
            +---------+---------+-------+---------+---------+-------
        D:1 |      24 |       0 |   0.0 |      13 |       0 |   0.0
        D:2 |      49 |      75 |  60.5 |      14 |      14 |  50.0
        D:3 |      61 |      45 |  42.5 |      10 |       6 |  37.5
        D:4 |     238 |     175 |  42.4 |      20 |       1 |   4.8
        D:5 |     299 |     338 |  53.1 |      10 |       3 |  23.1
        D:6 |     887 |     389 |  30.5 |      18 |       1 |   5.3
        D:7 |     834 |     792 |  48.7 |      17 |       5 |  22.7
        D:8 |    1692 |       0 |   0.0 |      32 |       0 |   0.0
        D:9 |    1455 |    1232 |  45.9 |      21 |      18 |  46.2
       D:10 |     643 |    2285 |  78.0 |       5 |       8 |  61.5
       D:11 |    4645 |       0 |   0.0 |      32 |       0 |   0.0
       D:12 |    6443 |       0 |   0.0 |      26 |       0 |   0.0
       D:13 |    6988 |    2189 |  23.9 |      23 |      20 |  46.5
       D:14 |    6987 |   11223 |  61.6 |      14 |      32 |  69.6
       D:15 |    4489 |    4452 |  49.8 |       7 |      12 |  63.2
     Lair:1 |    4493 |     739 |  14.1 |      17 |       2 |  10.5
     Lair:2 |    4991 |     311 |   5.9 |      16 |       2 |  11.1
     Lair:3 |    5527 |    1950 |  26.1 |      26 |       7 |  21.2
     Lair:4 |    6976 |    1652 |  19.1 |      21 |       8 |  27.6
     Lair:5 |    5448 |    2114 |  28.0 |      21 |       5 |  19.2
     Lair:6 |    7896 |   17640 |  69.1 |      25 |      59 |  70.2
    Swamp:1 |   11417 |    7631 |  40.1 |      29 |      12 |  29.3
    Swamp:2 |    7112 |       0 |   0.0 |      14 |       0 |   0.0
    Swamp:3 |   12451 |    1629 |  11.6 |      22 |       2 |   8.3
    Swamp:4 |   15086 |   13848 |  47.9 |      27 |      29 |  51.8
    Snake:1 |   11167 |    4242 |  27.5 |      24 |       6 |  20.0
    Snake:2 |   14937 |   10648 |  41.6 |      33 |      10 |  23.3
    Snake:3 |   30969 |       0 |   0.0 |      63 |       0 |   0.0
    Snake:4 |   12528 |   29803 |  70.4 |      27 |      40 |  59.7
      Orc:1 |     418 |     649 |  60.8 |       2 |       1 |  33.3
      Orc:2 |    1769 |    7191 |  80.3 |      27 |      68 |  71.6
      Elf:1 |   13514 |   18574 |  57.9 |      25 |      35 |  58.3
      Elf:2 |   18840 |   22280 |  54.2 |      32 |      30 |  48.4
      Elf:3 |   21206 |   42109 |  66.5 |      38 |      38 |  50.0
      IceCv |       0 |    1924 | 100.0 |       0 |       8 | 100.0
    Volcano |       0 |    1455 | 100.0 |       0 |       6 | 100.0
   Gauntlet |       0 |    5416 | 100.0 |       0 |      12 | 100.0
            +---------+---------+-------+---------+---------+-------
